[Event "ICC tourney 2438 (75 10)"]
[Site "Internet Chess Club"]
[Date "2021.03.06"]
[Round "2"]
[White "ZENG, ELBERT:investigator"]
[Black "HO, COOPER:arsenicblast"]
[Result "1-0"]
[ICCResult "Black resigns"]
[WhiteElo "2084"]
[BlackElo "1975"]
[Opening "Neo-Grünfeld, 6.O-O c6"]
[ECO "D78"]
[NIC "RE.07"]
[Time "16:31:53"]
[PlyCount "55"]
[TimeControl "4500+10"]

1. Nf3 d5 2. c4 c6 3. g3 Nf6 4. Bg2 g6 5. O-O Bg7 6. d4 O-O 7. Nc3 dxc4 8.
Ne5 Be6 9. e4 Nfd7 10. f4 f5 11. d5 cxd5 12. exd5 Bf7 13. Nxf7 Qb6+ 14. Kh1
Rxf7 15. Qe2 Nf6 16. Be3 Qd8 17. Qxc4 Nbd7 18. Rfe1 Nb6 19. Bxb6 Qxb6 20.
d6 Qxd6 21. Rad1 Qb6 22. Rxe7 Rf8 23. Nd5 Qxb2 24. Nxf6+ Bxf6 25. Rxf7 Rxf7
26. Bd5 Qf2 27. Bxf7+ Kg7 28. Bd5 { Black resigns } 1-0

[Event "ICC tourney 2438 (75 10)"]
[Site "Internet Chess Club"]
[Date "2021.03.06"]
[Round "2"]
[White "Kodarapu, Ishaan:pika0008"]
[Black "Heidari, Ako:Ako-Ako"]
[Result "1-0"]
[ICCResult "Black resigns"]
[WhiteElo "1965"]
[BlackElo "1920"]
[Opening "English opening"]
[ECO "A05"]
[NIC "QP.11"]
[Time "16:32:20"]
[PlyCount "61"]
[TimeControl "4500+10"]

1. Nf3 Nf6 2. c4 e6 3. e3 b6 4. Nc3 Bb7 5. b3 Be7 6. Bb2 d6 7. Be2 Nbd7 8.
Rg1 c5 9. g4 Ne5 10. Nxe5 dxe5 11. g5 Nd7 12. Bf3 Qc8 13. Bxb7 Qxb7 14. Qh5
g6 15. Qg4 O-O-O 16. Ne4 h5 17. Qf3 Rhf8 18. Qg2 Qc7 19. Ke2 Nb8 20. Rad1
Nc6 21. a3 Na5 22. d3 Nxb3 23. Bc3 a5 24. a4 Qc6 25. Bxe5 Kd7 26. Rb1 Qxa4
27. Rb2 b5 28. Nf6+ Bxf6 29. Qb7+ Ke8 30. Bxf6 Nd4+ 31. exd4 { Black
resigns } 1-0

[Event "ICC tourney 2438 (75 10)"]
[Site "Internet Chess Club"]
[Date "2021.03.06"]
[Round "2"]
[White "MYSORE, ABHINAV NAVEEN:Mapking1"]
[Black "REDDY, SATVIK:chesslead"]
[Result "0-1"]
[ICCResult "White checkmated"]
[WhiteElo "1979"]
[BlackElo "2119"]
[Opening "Pirc defense"]
[ECO "B07"]
[NIC "PU.08"]
[Time "16:32:18"]
[PlyCount "74"]
[TimeControl "4500+10"]

1. e4 d6 2. d4 Nf6 3. f3 Nbd7 4. Be3 e5 5. Ne2 Be7 6. Nbc3 c6 7. Qd2 O-O 8.
g4 b5 9. Ng3 exd4 10. Bxd4 b4 11. Nd1 c5 12. Bf2 Ne5 13. Be2 d5 14. g5 Ne8
15. f4 Ng6 16. exd5 Bd6 17. Be3 Qc7 18. O-O Bh3 19. Rf2 f6 20. Ne4 fxg5 21.
Nxg5 Bf5 22. c4 Nf6 23. Bd3 Ng4 24. Rg2 Nh6 25. Bxf5 Nxf5 26. Ne6 Qe7 27.
Nxf8 Rxf8 28. a3 b3 29. Qd3 Bxf4 30. Bf2 Bh6 31. Rxg6 hxg6 32. Nc3 Qg5+ 33.
Kh1 Qh5 34. Bxc5 Re8 35. Ne4 Bf4 36. Bg1 Ne3 37. Re1 Qf3# { White
checkmated } 0-1

[Event "ICC tourney 2438 (75 10)"]
[Site "Internet Chess Club"]
[Date "2021.03.06"]
[Round "2"]
[White "HU, ALEXANDER C:ahu1015"]
[Black "TANG, AUSTIN:Mrpeetapizza"]
[Result "0-1"]
[ICCResult "White resigns"]
[WhiteElo "2015"]
[BlackElo "1874"]
[Opening "Sicilian: Richter-Rauzer"]
[ECO "B60"]
[NIC "SI.27"]
[Time "16:32:05"]
[PlyCount "100"]
[TimeControl "4500+10"]

1. e4 c5 2. Nf3 d6 3. d4 cxd4 4. Nxd4 Nf6 5. Nc3 Nc6 6. Bg5 Qb6 7. Nb3 e6
8. Qd2 Be7 9. O-O-O O-O 10. f4 Rd8 11. Qe1 a5 12. a4 Nb4 13. g4 Qc7 14. h4
Bd7 15. Bd3 Rac8 16. Rh2 b5 17. e5 dxe5 18. fxe5 Nfd5 19. Nxd5 Nxd5 20. Qe4
g6 21. Bxe7 Nxe7 22. h5 bxa4 23. hxg6 Nxg6 24. Nd4 Qxe5 25. Qxe5 Nxe5 26.
Bxh7+ Kf8 27. g5 Kg7 28. Be4 Rh8 29. Re2 Nc4 30. Nf3 Bb5 31. Rf2 a3 32.
bxa3 Nxa3 33. Ne5 Rc7 34. Rg1 Nc4 35. Nxc4 Bxc4 36. Rg3 Rh4 37. g6 f5 38.
Bf3 Rh6 39. Rfg2 Rh8 40. Rg5 Rcc8 41. Rd2 Kf6 42. Rg1 Rhg8 43. Bh5 Rg7 44.
Be2 Bxe2 45. Rxe2 Rb8 46. Re3 Rb6 47. Rge1 Rxg6 48. Re5 Ra6 49. Kb2 Rg4 50.
Ka3 a4 { White resigns } 0-1

[Event "ICC tourney 2438 (75 10)"]
[Site "Internet Chess Club"]
[Date "2021.03.06"]
[Round "2"]
[White "GAO, MATTHEW IAN:xcelswimmer"]
[Black "DENG, HENRY:SuperPuzzler"]
[Result "0-1"]
[ICCResult "White resigns"]
[WhiteElo "1916"]
[BlackElo "2049"]
[Opening "King's Indian: Sämisch, double fianchetto variation"]
[ECO "E82"]
[NIC "KI.45"]
[Time "16:31:57"]
[PlyCount "92"]
[TimeControl "4500+10"]

1. d4 Nf6 2. c4 g6 3. f3 Bg7 4. e4 d6 5. Nc3 O-O 6. Be3 b6 7. Bd3 c5 8.
Nge2 Nc6 9. Qd2 a6 10. O-O Bd7 11. Rfd1 Re8 12. Bc2 Qc7 13. Rac1 cxd4 14.
Nxd4 Rac8 15. b3 Ne5 16. Bb1 Qb7 17. a4 Red8 18. Nde2 b5 19. cxb5 axb5 20.
a5 b4 21. Na2 Rxc1 22. Rxc1 Ra8 23. Bb6 Nc6 24. e5 dxe5 25. Rc5 Be6 26. Qc1
Bd5 27. Bd3 Nd7 28. Rxd5 Nxb6 29. axb6 Rxa2 30. Qc5 Ra8 31. Bb5 Rc8 32. Qe3
e6 33. Rd6 Bf8 34. Rd1 Nd4 35. Nxd4 exd4 36. Qd3 Qxb6 37. Bc4 Ra8 38. Rd2
Bh6 39. Rd1 Be3+ 40. Kf1 Ra2 41. Ke1 Rxg2 42. Qe4 Qa5 43. Bxe6 Rg1+ 44. Ke2
Qa2+ 45. Kd3 Rxd1+ 46. Kc4 Qa6+ { White resigns } 0-1

[Event "ICC tourney 2438 (75 10)"]
[Site "Internet Chess Club"]
[Date "2021.03.06"]
[Round "2"]
[White "CARTER, DAVID E:CARTERD253"]
[Black "BERKLEY, DARRIN K:drberkley"]
[Result "1-0"]
[ICCResult "Black resigns"]
[WhiteElo "2137"]
[BlackElo "1931"]
[Opening "King's Indian: Petrosian system, Stein variation"]
[ECO "E92"]
[NIC "KI.17"]
[Time "16:32:10"]
[PlyCount "97"]
[TimeControl "4500+10"]

1. d4 Nf6 2. c4 g6 3. Nc3 Bg7 4. e4 d6 5. Be2 O-O 6. Nf3 e5 7. d5 a5 8. O-O
Na6 9. Qc2 Bd7 10. b3 Nh5 11. Bg5 Qe8 12. Nd2 Nf4 13. Rfe1 f5 14. Bf1 Qf7
15. f3 Bf6 16. Bxf6 Qxf6 17. g3 Nh5 18. Bh3 Rf7 19. a3 f4 20. Bxd7 Rxd7 21.
g4 Ng7 22. Nf1 h5 23. Qg2 Qh4 24. g5 Nc5 25. Nd2 c6 26. Kf1 Rdd8 27. Ke2
cxd5 28. cxd5 Ne8 29. Nb5 Ra6 30. Rec1 Rb6 31. a4 Ra6 32. Rc3 Kf8 33. Nxd6
Nxa4 34. bxa4 Nxd6 35. Rb1 Rd7 36. Rc5 Rf7 37. Kd3 Ke8 38. Nc4 Nxc4 39.
Kxc4 Kd8 40. Kb5 Rd7 41. Rbc1 Ra8 42. Rg1 Rd6 43. Qb2 Qh3 44. Qxe5 Qd7+ 45.
Kc4 Qxa4+ 46. Kd3 Qd7 47. Rgc1 Raa6 48. Qh8+ Ke7 49. Rc7 { Black resigns }
1-0

[Event "ICC tourney 2438 (75 10)"]
[Site "Internet Chess Club"]
[Date "2021.03.06"]
[Round "2"]
[White "RAJANISH, ADHVAITH:Adhvaith0406"]
[Black "YERRA, SAI SNEHA:saisneha"]
[Result "0-1"]
[ICCResult "White resigns"]
[WhiteElo "2036"]
[BlackElo "1901"]
[Opening "Ruy Lopez: closed, Flohr-Zaitsev system (Lenzerheide variation)"]
[ECO "C92"]
[NIC "RL.26"]
[Time "16:32:03"]
[PlyCount "114"]
[TimeControl "4500+10"]

1. e4 e5 2. Nf3 Nc6 3. Bb5 a6 4. Ba4 Nf6 5. O-O Be7 6. Re1 b5 7. Bb3 d6 8.
c3 O-O 9. h3 Bb7 10. d4 Re8 11. Nbd2 Bf8 12. d5 Nb8 13. c4 Nbd7 14. Bc2 c6
15. b3 Qc7 16. Bb2 Rab8 17. Rc1 b4 18. Nf1 g6 19. g4 Nc5 20. Ng3 h6 21. Qd2
a5 22. Rcd1 Rbd8 23. Nh4 Bg7 24. a3 Na6 25. a4 Nc5 26. Rf1 Qb6 27. Kh1 Rd7
28. Rg1 Qd8 29. Ngf5 gxf5 30. gxf5 Kh7 31. Bc1 Rg8 32. Rxg7+ Rxg7 33. Qxh6+
Kg8 34. Bg5 Ng4 35. hxg4 Qxg5 36. Qxg5 Rxg5 37. f3 cxd5 38. exd5 f6 39. Kg2
Rh7 40. Ng6 Bc8 41. Kg3 Kf7 42. Re1 Rhh5 43. Re2 Rh1 44. Rf2 Rg1+ 45. Kh2
Ra1 46. Kg3 Bxf5 47. Bxf5 Rxg6 48. Rh2 Rg7 49. Rh8 Nxb3 50. Ra8 Nd4 51.
Ra7+ Kg8 52. Ra8+ Kf7 53. Ra7+ Ke8 54. Ra8+ Ke7 55. Ra7+ Kd8 56. Rxg7 Nxf5+
57. gxf5 Rg1+ { White resigns } 0-1

[Event "ICC tourney 2438 (75 10)"]
[Site "Internet Chess Club"]
[Date "2021.03.06"]
[Round "3"]
[White "SRIPADA, HAVISH:brilliantnessme"]
[Black "CAO, TIMOTHY:tcao"]
[Result "1/2-1/2"]
[ICCResult "Game drawn by mutual agreement"]
[WhiteElo "2036"]
[BlackElo "2067"]
[Opening "French: classical, Steinitz variation"]
[ECO "C14"]
[NIC "FR.06"]
[Time "20:01:43"]
[PlyCount "49"]
[TimeControl "4500+10"]

1. e4 e6 2. d4 d5 3. Nc3 Nf6 4. Bg5 Be7 5. e5 Nfd7 6. Bxe7 Qxe7 7. f4 c5 8.
Nb5 O-O 9. Nc7 cxd4 10. Nxa8 Qb4+ 11. Qd2 Qxb2 12. Rd1 Nc6 13. Nf3 Nc5 14.
Bd3 Bd7 15. Nc7 Rc8 16. Nb5 Nxd3+ 17. Qxd3 Nb4 18. Qb3 Qxb3 19. cxb3 Bxb5
20. Nxd4 Nc2+ 21. Nxc2 Rxc2 22. Rg1 Re2+ 23. Kf1 Rxa2+ 24. Ke1 Re2+ 25. Kf1
{ Game drawn by mutual agreement } 1/2-1/2

[Event "ICC tourney 2438 (75 10)"]
[Site "Internet Chess Club"]
[Date "2021.03.06"]
[Round "3"]
[White "ZHANG, ALEX:yangjunboy7"]
[Black "WENG, NICHOLAS RUOGU:greenninja"]
[Result "0-1"]
[ICCResult "White resigns"]
[WhiteElo "1967"]
[BlackElo "2055"]
[Opening "Grünfeld: exchange variation"]
[ECO "D85"]
[NIC "GI.03"]
[Time "20:02:42"]
[PlyCount "78"]
[TimeControl "4500+10"]

1. d4 Nf6 2. c4 g6 3. Nc3 d5 4. cxd5 Nxd5 5. Bd2 Bg7 6. e4 Nxc3 7. Bxc3 O-O
8. Nf3 c5 9. d5 Qb6 10. Qc2 Nd7 11. Be2 Nf6 12. Nd2 Qc7 13. a4 e6 14. d6
Qc6 15. Bb5 Qb6 16. Bxf6 Bxf6 17. d7 Bxd7 18. Bxd7 Qxb2 19. Qxb2 Bxb2 20.
Rb1 Bc3 21. Rxb7 Rab8 22. Rxb8 Rxb8 23. Ke2 Bxd2 24. Rd1 Bc3 25. Bb5 Bd4
26. f3 Kf8 27. Kd3 Ke7 28. h3 Kd6 29. f4 Kc7 30. e5 Kb6 31. Rb1 Ka5 32. Kc2
a6 33. Bd7 Rxb1 34. Kxb1 Be3 35. g3 Bf2 36. g4 Bg3 37. f5 exf5 38. gxf5
Bxe5 39. Be8 gxf5 { White resigns } 0-1

[Event "ICC tourney 2438 (75 10)"]
[Site "Internet Chess Club"]
[Date "2021.03.06"]
[Round "3"]
[White "MYSORE, ABHINAV NAVEEN:Mapking1"]
[Black "GAO, MATTHEW IAN:xcelswimmer"]
[Result "1/2-1/2"]
[ICCResult "Game drawn by mutual agreement"]
[WhiteElo "1979"]
[BlackElo "1916"]
[Opening "French: Tarrasch, open variation, main line"]
[ECO "C09"]
[NIC "FR.22"]
[Time "20:01:51"]
[PlyCount "44"]
[TimeControl "4500+10"]

1. e4 e6 2. d4 d5 3. Nd2 c5 4. Ngf3 Nc6 5. exd5 exd5 6. Bb5 cxd4 7. O-O Bd6
8. Re1+ Ne7 9. Nxd4 O-O 10. N2b3 Bc7 11. Bf1 Nf5 12. c3 Ncxd4 13. Nxd4 Bb6
14. Be3 Nxe3 15. Rxe3 Re8 16. Qd2 Bd7 17. Rae1 Qc7 18. Rxe8+ Rxe8 19. Rxe8+
Bxe8 20. Qe3 Kf8 21. g3 Qe7 22. Qd3 g6 { Game drawn by mutual agreement }
1/2-1/2

[Event "ICC tourney 2438 (75 10)"]
[Site "Internet Chess Club"]
[Date "2021.03.06"]
[Round "3"]
[White "REDDY, SATVIK:chesslead"]
[Black "DENG, HENRY:SuperPuzzler"]
[Result "1-0"]
[ICCResult "Black resigns"]
[WhiteElo "2119"]
[BlackElo "2049"]
[Opening "Sicilian: Richter-Rauzer"]
[ECO "B60"]
[NIC "SI.27"]
[Time "20:01:28"]
[PlyCount "75"]
[TimeControl "4500+10"]

1. e4 c5 2. Nf3 d6 3. d4 cxd4 4. Nxd4 Nf6 5. Nc3 Nc6 6. Bg5 Qb6 7. Nb3 e6
8. Be2 Bd7 9. Qd2 O-O-O 10. O-O Be7 11. a4 a6 12. a5 Qc7 13. Rfd1 Kb8 14.
Bf4 Ne5 15. f3 Bc6 16. Be3 Ned7 17. Nd4 Rc8 18. Nxc6+ Qxc6 19. Na4 e5 20.
c3 Nc5 21. Nxc5 dxc5 22. Bc4 Rhf8 23. Qe1 Qc7 24. Rd2 Ne8 25. Rad1 Nd6 26.
Bb3 c4 27. Bb6 Qc6 28. Bc2 f6 29. Qf2 Nf7 30. Rd5 Nd8 31. Rd7 Re8 32. Rxe7
Rxe7 33. Rxd8 Rxd8 34. Bxd8 Rd7 35. Bb6 Qb5 36. h3 Qxb2 37. Kh2 Qxc3 38.
Qc5 { Black resigns } 1-0

[Event "ICC tourney 2438 (75 10)"]
[Site "Internet Chess Club"]
[Date "2021.03.06"]
[Round "3"]
[White "TURCOTTE,JONATHAN:JonnyTurgi"]
[Black "FENG, YANZHE:yanzhe"]
[Result "1-0"]
[ICCResult "Black checkmated"]
[WhiteElo "2087"]
[BlackElo "1902"]
[Opening "QGD: Orthodox defense, Bd3 line"]
[ECO "D66"]
[NIC "QO.11"]
[Time "20:02:14"]
[PlyCount "89"]
[TimeControl "4500+10"]

1. d4 d5 2. c4 e6 3. Nf3 Nf6 4. Nc3 Be7 5. Bg5 Nbd7 6. e3 O-O 7. Rc1 c6 8.
Bd3 Re8 9. O-O a6 10. a4 b6 11. Qe2 Bb7 12. Rfd1 dxc4 13. Bxc4 b5 14. Bd3
b4 15. Ne4 Qa5 16. Bxf6 Nxf6 17. Nc5 Bxc5 18. Rxc5 Qxa4 19. Ne5 Red8 20.
Nc4 Nd7 21. Ra5 Qb5 22. Rxb5 cxb5 23. Nd6 Bd5 24. Qc2 Nf6 25. Qc5 Bb3 26.
Rc1 Nd5 27. g3 g6 28. e4 Nf6 29. Qxb4 Ba4 30. b3 a5 31. Qa3 b4 32. Qxa4
Rxd6 33. Rc4 Nd7 34. Qb5 Ra7 35. Qg5 f6 36. Qh6 Nb6 37. Rc1 Rxd4 38. Bb5
Rd6 39. Qe3 Rb7 40. Qc5 Rd8 41. Qc6 Rbb8 42. Qxe6+ Kh8 43. Qxf6+ Kg8 44.
Rc7 Nd7 45. Bc4# { Black checkmated } 1-0

[Event "ICC tourney 2438 (75 10)"]
[Site "Internet Chess Club"]
[Date "2021.03.06"]
[Round "3"]
[White "OLDHAM, DAVID CODY:MalachiConstant"]
[Black "Kodarapu, Ishaan:pika0008"]
[Result "0-1"]
[ICCResult "White resigns"]
[WhiteElo "1902"]
[BlackElo "1965"]
[Opening "Sicilian: Labourdonnais-Löwenthal (Kalashnikov) variation"]
[ECO "B32"]
[NIC "SI.32"]
[Time "20:01:27"]
[PlyCount "83"]
[TimeControl "4500+10"]

1. e4 c5 2. Nf3 Nc6 3. d4 cxd4 4. Nxd4 e5 5. Nb5 d6 6. N1c3 a6 7. Na3 Be7
8. Nd5 Nf6 9. Nc4 O-O 10. Ncb6 Rb8 11. Bd3 Be6 12. c3 Nxd5 13. Nxd5 f5 14.
Be3 b5 15. g3 Bxd5 16. exd5 Na5 17. b3 Bg5 18. f4 exf4 19. gxf4 Bf6 20. Kd2
b4 21. c4 Bb2 22. Rb1 Qf6 23. Qc2 Bc3+ 24. Kc1 Rbe8 25. Qf2 Re7 26. Kc2
Rfe8 27. Bd2 Re2 28. Bxe2 Bxd2 29. Kxd2 Qc3+ 30. Kd1 Re4 31. Rf1 Nb7 32.
Rc1 Rd4+ 33. Qxd4 Qxd4+ 34. Ke1 Nc5 35. Rc2 Ne4 36. Rf3 Qg1+ 37. Bf1 Kf7
38. Rg2 Qd4 39. Rc2 Qa1+ 40. Ke2 Qb1 41. Rd2 Nxd2 42. Kxd2 { White resigns
} 0-1

[Event "ICC tourney 2438 (75 10)"]
[Site "Internet Chess Club"]
[Date "2021.03.06"]
[Round "3"]
[White "OPASKA, MICHAEL:mopaska1106"]
[Black "ZHANG, ROGER:RogerZ"]
[Result "1-0"]
[ICCResult "Black resigns"]
[WhiteElo "1945"]
[BlackElo "1957"]
[Opening "King's Indian: Torre attack"]
[ECO "A48"]
[NIC "QP.01"]
[Time "20:01:44"]
[PlyCount "103"]
[TimeControl "4500+10"]

1. d4 Nf6 2. Nf3 g6 3. Bg5 Bg7 4. Nbd2 d6 5. e4 O-O 6. Be2 Nbd7 7. O-O e5
8. c3 h6 9. Bh4 g5 10. Bg3 Qe7 11. Qc2 Nh5 12. dxe5 dxe5 13. Nc4 Nxg3 14.
hxg3 Nb6 15. Ne3 Be6 16. c4 c6 17. b3 a5 18. Qb2 Nd7 19. Rad1 Nc5 20. Qc2
Rad8 21. Rxd8 Rxd8 22. Rd1 b6 23. Rxd8+ Qxd8 24. Qd2 Qc7 25. Bd3 Bf8 26.
Bc2 f6 27. Kh2 Nd7 28. Ng1 Bc5 29. Nf5 Bxf5 30. exf5 Bd4 31. Qe2 Kg7 32.
Nf3 Nc5 33. Nxd4 exd4 34. Qe8 Qf7 35. Qxc6 Qh5+ 36. Kg1 d3 37. Bxd3 Nxd3
38. Qd7+ Qf7 39. Qxd3 Qe7 40. Qe3 Qd7 41. f3 Qd1+ 42. Kh2 Qc2 43. Qe7+ Kg8
44. Qe8+ Kg7 45. Qg6+ Kf8 46. Qxf6+ Ke8 47. Qe6+ Kd8 48. f6 Qh7 49. f7 Qh8
50. Qd6+ Kc8 51. f8=Q+ Qxf8 52. Qxf8+ { Black resigns } 1-0

[Event "ICC tourney 2438 (75 10)"]
[Site "Internet Chess Club"]
[Date "2021.03.06"]
[Round "3"]
[White "GOKTEPE, DERIN:CoolKoiFish"]
[Black "KONEZNY, STUART:ChessCatMN08"]
[Result "1/2-1/2"]
[ICCResult "Game drawn by mutual agreement"]
[WhiteElo "1941"]
[BlackElo "1954"]
[Opening "King's Indian: Semi-Averbakh system"]
[ECO "E73"]
[NIC "KI.27"]
[Time "20:01:42"]
[PlyCount "66"]
[TimeControl "4500+10"]

1. d4 Nf6 2. c4 g6 3. Nc3 Bg7 4. e4 d6 5. Be2 O-O 6. Be3 e5 7. d5 a5 8. g4
Na6 9. h4 Ne8 10. h5 f5 11. hxg6 hxg6 12. gxf5 gxf5 13. f3 f4 14. Bf2 Qg5
15. Bf1 Nf6 16. Bh4 Qg6 17. Qe2 Kf7 18. Bh3 Rh8 19. Bxc8 Raxc8 20. Qf2 Rh6
21. Nh3 Qh5 22. Bxf6 Bxf6 23. O-O-O Rg8 24. Qe2 Bh4 25. Rdg1 Rg3 26. Rf1
Rhg6 27. Rh2 Rg8 28. Nf2 Qg5 29. Ng4 Nc5 30. Kb1 Nd7 31. Nd1 Nf6 32. Ndf2
Nxg4 33. Nxg4 Rh8 { Game drawn by mutual agreement } 1/2-1/2

[Event "ICC tourney 2438 (75 10)"]
[Site "Internet Chess Club"]
[Date "2021.03.06"]
[Round "3"]
[White "LIU, FELIX YIPENG:closedforce"]
[Black "FANG, JADEN:SaltyCarrot777"]
[Result "0-1"]
[ICCResult "White resigns"]
[WhiteElo "1909"]
[BlackElo "2002"]
[Opening "Catalan: closed, 5.Nf3"]
[ECO "E06"]
[NIC "CA.05"]
[Time "20:01:25"]
[PlyCount "58"]
[TimeControl "4500+10"]

1. d4 Nf6 2. c4 e6 3. g3 d5 4. Nf3 Be7 5. Bg2 O-O 6. O-O dxc4 7. Qc2 a6 8.
a4 c5 9. Rd1 Nc6 10. dxc5 Qc7 11. Qxc4 e5 12. b4 Be6 13. Qc3 Nd5 14. Qb2
Ndxb4 15. Nc3 Bxc5 16. Ne4 Be7 17. Be3 Rad8 18. Nc5 Bc8 19. Ng5 h6 20. Nge4
f5 21. Nc3 f4 22. Nd5 Nxd5 23. Bxd5+ Rxd5 24. Rxd5 fxe3 25. fxe3 Bxc5 26.
Rxc5 Qf7 27. Qd2 Qf2+ 28. Kh1 Bh3 29. Rg1 Qxg1+ { White resigns } 0-1

[Event "ICC tourney 2438 (75 10)"]
[Site "Internet Chess Club"]
[Date "2021.03.06"]
[Round "3"]
[White "TANG, AUSTIN:Mrpeetapizza"]
[Black "MIKOYAN, SUREN:mikoyansuren"]
[Result "1/2-1/2"]
[ICCResult "Game drawn because neither player has mating material"]
[WhiteElo "1874"]
[BlackElo "2075"]
[Opening "Sicilian: Anderssen variation"]
[ECO "B41"]
[NIC "SI.41"]
[Time "20:01:38"]
[PlyCount "150"]
[TimeControl "4500+10"]

1. e4 c5 2. Nf3 e6 3. d4 cxd4 4. Nxd4 Nf6 5. Nc3 Nc6 6. Be3 Bb4 7. Bd3 d5
8. exd5 Nxd5 9. Nxc6 bxc6 10. Bd2 O-O 11. Nxd5 Bxd2+ 12. Qxd2 cxd5 13. O-O
Qf6 14. c3 a5 15. a4 Bd7 16. Rfb1 Rfc8 17. Bc2 Rc4 18. Qd3 g6 19. h3 Rac8
20. Qg3 d4 21. Bb3 R4c7 22. cxd4 Qxd4 23. Qe3 Qxe3 24. fxe3 Rb7 25. Bd1 Kg7
26. Kf2 Bc6 27. b3 Bd5 28. Rc1 Rbc7 29. Rxc7 Rxc7 30. Rb1 Be4 31. Rb2 Rc1
32. Ke1 Kf6 33. Kd2 Ra1 34. g3 Ke5 35. h4 f6 36. b4 axb4 37. Rxb4 f5 38.
Rb5+ Kd6 39. Rb2 Bc6 40. Ke2 Bxa4 41. Bxa4 Rxa4 42. Rb7 Ke5 43. Rxh7 Ke4
44. Re7 Ra2+ 45. Ke1 e5 46. Re6 Rc2 47. Kd1 Ra2 48. Ke1 Rb2 49. Kd1 Kd3 50.
Kc1 Rc2+ 51. Kb1 Rh2 52. Rxe5 Rh1+ 53. Kb2 Rg1 54. h5 gxh5 55. Rxf5 Rh1 56.
Re5 Ke2 57. Rf5 Kxe3 58. Kc3 Rh3 59. Rg5 Kf2 60. Kd4 Kf3 61. Ke5 Rh2 62.
Kf6 Rh1 63. Kg6 h4 64. gxh4 Rxh4 65. Rf5+ Kg3 66. Rg5+ Kf4 67. Rf5+ Ke4 68.
Rf1 Rg4+ 69. Kf6 Rg3 70. Re1+ Kd5 71. Rd1+ Ke4 72. Re1+ Kf3 73. Rf1+ Kg2
74. Rf5 Rf3 75. Rxf3 Kxf3 { Game drawn because neither player has mating
material } 1/2-1/2

[Event "ICC tourney 2438 (75 10)"]
[Site "Internet Chess Club"]
[Date "2021.03.06"]
[Round "3"]
[White "BERKLEY, DARRIN K:drberkley"]
[Black "HU, ALEXANDER C:ahu1015"]
[Result "1-0"]
[ICCResult "Black resigns"]
[WhiteElo "1931"]
[BlackElo "2015"]
[Opening "Sicilian: Grand Prix attack"]
[ECO "B23"]
[NIC "SI.44"]
[Time "20:01:42"]
[PlyCount "53"]
[TimeControl "4500+10"]

1. e4 c5 2. Nc3 Nc6 3. f4 g6 4. Nf3 Bg7 5. Bb5 Nd4 6. O-O Nxb5 7. Nxb5 d5
8. e5 Nh6 9. Qe1 O-O 10. h3 d4 11. d3 a6 12. Na3 b5 13. Nb1 Bb7 14. Nbd2
Qd5 15. b3 f6 16. Qe2 Nf5 17. Ne4 fxe5 18. Nxe5 Bxe5 19. fxe5 Qxe5 20. Bf4
Qd5 21. Rae1 e5 22. Bg5 Kg7 23. g4 h6 24. gxf5 gxf5 25. Qh5 Qc6 26. Be7
Rfe8 27. Bf6+ { Black resigns } 1-0

[Event "ICC tourney 2438 (75 10)"]
[Site "Internet Chess Club"]
[Date "2021.03.06"]
[Round "3"]
[White "YERRA, SAI SNEHA:saisneha"]
[Black "ZENG, ELBERT:investigator"]
[Result "0-1"]
[ICCResult "White forfeits on time"]
[WhiteElo "1901"]
[BlackElo "2084"]
[Opening "King's Indian: Larsen variation"]
[ECO "E90"]
[NIC "KI.21"]
[Time "20:01:39"]
[PlyCount "72"]
[TimeControl "4500+10"]

1. d4 Nf6 2. c4 g6 3. Nc3 Bg7 4. e4 d6 5. Nf3 O-O 6. Be3 e5 7. d5 Na6 8.
Be2 Nc5 9. Qc2 a5 10. O-O Nfd7 11. Rab1 f5 12. exf5 gxf5 13. Ng5 e4 14. f3
Ne5 15. fxe4 h6 16. Nf3 f4 17. Bxc5 dxc5 18. Na4 Ra6 19. Kh1 Qe7 20. Qb3
Rg6 21. Nxe5 Bxe5 22. Bf3 Kh8 23. Qb5 b6 24. Nc3 Rfg8 25. Qb3 h5 26. Ne2 h4
27. h3 Qg7 28. Rf2 Bd7 29. Qd1 Rg5 30. b3 Qf8 31. Qf1 Qc8 32. Kh2 Rg3 33.
Rc1 R8g7 34. Rc2 Qg8 35. Rd2 Qe8 36. Rc2 Qg6 { White forfeits on time } 0-1

[Event "ICC tourney 2438 (75 10)"]
[Site "Internet Chess Club"]
[Date "2021.03.06"]
[Round "3"]
[White "UAN-ZO-LI, SEAN A:BreadBasket"]
[Black "CARTER, DAVID E:CARTERD253"]
[Result "1-0"]
[ICCResult "Black resigns"]
[WhiteElo "1900"]
[BlackElo "2137"]
[Opening "QGD: 4.Bg5 Be7"]
[ECO "D53"]
[NIC "QO.13"]
[Time "20:01:47"]
[PlyCount "83"]
[TimeControl "4500+10"]

1. d4 Nf6 2. c4 e6 3. Nc3 d5 4. Bg5 Be7 5. Nf3 Nbd7 6. e3 h6 7. Bh4 O-O 8.
Rc1 c6 9. cxd5 Nxd5 10. Bxe7 Qxe7 11. Bd3 Nxc3 12. bxc3 e5 13. e4 exd4 14.
cxd4 Nf6 15. e5 Bg4 16. O-O Nd5 17. Bb1 Nf4 18. Qc2 Ng6 19. Nd2 Rad8 20. f3
Bc8 21. f4 f5 22. exf6 Rxf6 23. Rce1 Qf7 24. Ne4 Rxf4 25. Rxf4 Qxf4 26. Ng3
Qxd4+ 27. Kh1 Nf8 28. h3 Qd2 29. Qb3+ Kh8 30. Rf1 Qd5 31. Qc2 Kg8 32. a3
Be6 33. Qf2 Qd4 34. Qf3 Bc4 35. Nf5 Qe5 36. Qg4 Be6 37. Nxh6+ Kh8 38. Qh4
g5 39. Nf7+ Kg8 40. Nxg5 Rd7 41. Qh6 Bf7 42. Bh7+ { Black resigns } 1-0

[Event "ICC tourney 2438 (75 10)"]
[Site "Internet Chess Club"]
[Date "2021.03.06"]
[Round "3"]
[White "GAW, CHLOE:HarleyQueen8"]
[Black "RAJANISH, ADHVAITH:Adhvaith0406"]
[Result "1/2-1/2"]
[ICCResult "Game drawn by mutual agreement"]
[WhiteElo "1866"]
[BlackElo "2036"]
[Opening "Nimzo-Indian: classical, Pirc variation"]
[ECO "E39"]
[NIC "NI.21"]
[Time "20:01:38"]
[PlyCount "116"]
[TimeControl "4500+10"]

1. d4 Nf6 2. c4 e6 3. Nc3 Bb4 4. Qc2 c5 5. dxc5 O-O 6. Nf3 Na6 7. a3 Bxc3+
8. Qxc3 Nxc5 9. e3 b6 10. b4 Nce4 11. Qc2 Bb7 12. Bd3 d5 13. Bb2 Rc8 14.
Qe2 Qe7 15. O-O Rfd8 16. h3 a5 17. Bd4 dxc4 18. Bxc4 axb4 19. axb4 Qxb4 20.
Ba6 Bxa6 21. Qxa6 Nc5 22. Qa2 b5 23. Rfb1 Qc4 24. Bxf6 gxf6 25. Qb2 Ne4 26.
Ra5 Nc3 27. Re1 Rd5 28. Nd4 b4 29. Rxd5 Nxd5 30. Ne2 Qc2 31. Rb1 Qxb2 32.
Rxb2 Rc4 33. Kf1 Kf8 34. Ke1 Ke7 35. Kd2 f5 36. Kd3 Rc6 37. Nd4 Ra6 38. Nc2
Ra7 39. Kc4 Rc7+ 40. Kd3 Rb7 41. Kc4 Rc7+ 42. Kd3 Rc3+ 43. Kd2 Rc4 44. Kd3
Rh4 45. f4 Rh6 46. Nxb4 Nxb4+ 47. Rxb4 Rg6 48. Rb2 Rg3 49. Kd4 Kf6 50. e4
fxe4 51. Kxe4 Ra3 52. Re2 h5 53. Re3 Ra5 54. Kf3 Rb5 55. Kg3 Kg6 56. Kh4
Rb4 57. Kg3 Rb5 58. Kh4 Rb4 { Game drawn by mutual agreement } 1/2-1/2

[Event "ICC tourney 2438 (75 10)"]
[Site "Internet Chess Club"]
[Date "2021.03.07"]
[Round "4"]
[White "OLDHAM, DAVID CODY:MalachiConstant"]
[Black "GOKTEPE, DERIN:CoolKoiFish"]
[Result "0-1"]
[ICCResult "White resigns"]
[WhiteElo "1902"]
[BlackElo "1941"]
[Opening "Scotch game"]
[ECO "C45"]
[NIC "SO.05"]
[Time "13:02:03"]
[PlyCount "32"]
[TimeControl "4500+10"]

1. e4 e5 2. Nf3 Nc6 3. d4 exd4 4. Nxd4 Bc5 5. Be3 Qf6 6. c3 Nge7 7. Bc4 Ne5
8. Bb3 O-O 9. O-O Qg6 10. Nf5 Nxf5 11. Bxc5 Nh4 12. g3 Nef3+ 13. Kh1 Qg4
14. Nd2 Qh3 15. Qxf3 Nxf3 16. Nxf3 Qh5 { White resigns } 0-1